 Dungeon Crawl Stone Soup version 0.23-a0-650-ga4d50d4 (console) character file.

141 bli the Chucker (level 5, 0/41 HPs)
             Began as a Formicid Hunter on Jan 4, 2019.
             Slain by a water moccasin (7 damage)
             ... on level 2 of the Dungeon.
             The game lasted 00:09:00 (2432 turns).

bli the Chucker (Formicid Hunter)                   Turns: 2432, Time: 00:09:01

Health: 0/41       AC:  3    Str: 17    XL:     5   Next: 48%
Magic:  5/5        EV: 12    Int: 10    God:
Gold:   78         SH:  4    Dex: 12    Spells: 4/4 levels left

rFire    . . .     SeeInvis +   a - +0 short sword
rCold    . . .     Gourm    .   l - +0 buckler
rNeg     . . .     Faith    .   u - +1 animal skin
rPois    .         Spirit   .   (helmet unavailable)
rElec    .         Reflect  .   (no cloak)
rCorr    .         Harm     .   (no gloves)
MR       .....                  (no boots)
Stlth    ++........             (no amulet)
HPRegen  0.13/turn              (no ring)
MPRegen  0.09/turn              (no ring)

@: lethally poisoned (0 -> -11)
A: permanent stasis, dig shafts and tunnels, four strong arms, antennae 3
a: Dig, Shaft Self


You were on level 2 of the Dungeon.
You were hungry.

You visited 1 branch of the dungeon, and saw 2 of its levels.

You collected 78 gold pieces.

Inventory:

Hand Weapons
 a - a +0 short sword (weapon)
 v - a +0 dagger
Missiles
 j - 61 stones (quivered)
 q - 2 javelins
Armour
 b - a +0 leather armour
 g - a cursed +0 ring mail
 l - a +0 buckler (worn)
 m - a +0 buckler
 u - a +1 animal skin (worn)
Scrolls
 d - a scroll of enchant weapon {unknown}
 e - 2 scrolls of remove curse {unknown}
 i - 2 scrolls of teleportation {unknown}
 n - 3 scrolls of identify {unknown}
 o - a scroll of magic mapping {unknown}
 r - a scroll of enchant armour {unknown}
 s - a scroll of noise {unknown}
 t - a scroll of fog {unknown}
Potions
 h - 2 potions of ambrosia {unknown}
 k - a potion of might {unknown}
 p - a potion of cancellation {unknown}
 w - a potion of mutation {unknown}
Comestibles
 c - 3 chunks of flesh
 f - 3 rations


   Skills:
 * Level 3.4 Fighting
 + Level 2.2 Short Blades
 - Level 4.0 Throwing
 * Level 2.3 Armour
 + Level 2.0 Dodging
 + Level 1.3 Stealth
 + Level 2.0 Shields


You had 4 spell levels left.
You didn't know any spells.
Your spell library was empty.

Dungeon Overview and Level Annotations

Branches:
Dungeon (2/15)

Altars:
Elyvilon
Nemelex Xobeh
Qazlal
Trog
Vehumet


Innate Abilities, Weirdness & Mutations

You cannot be hasted, slowed, berserked, paralysed or teleported.
You can dig through walls and to a lower floor.
Your four strong arms can wield two-handed weapons with a shield.
You have a pair of large antennae on your head. (SInv)


Message History

You miss the water moccasin.
The water moccasin is moderately wounded.
The water moccasin misses you. The water moccasin bites you.
You barely miss the water moccasin.
The water moccasin is moderately wounded.
The water moccasin bites you.
You closely miss the water moccasin.
The water moccasin is moderately wounded.
The water moccasin closely misses you. The water moccasin bites you!
You hit the water moccasin.
The water moccasin is moderately wounded.
The water moccasin bites you.
* * * LOW HITPOINT WARNING * * *
You closely miss the water moccasin.
The water moccasin is moderately wounded.
The water moccasin bites you.
* * * LOW HITPOINT WARNING * * *
You are lethally poisoned!
The water moccasin poisons you! The water moccasin bites you!
You die...

#.......)....#.......>..
#.##########...#....####
#..# ###.#....## ##.##
#.......## #..##
##...###..# ##..##
#.....###.# ##..#
####### #.# ##.# ##_##
#.## #.### #8...8 #..#
#...# #.....####.# ###@#
#8.....8#...< #S#
##.....##.#.. ... #8...
#.... ...## #.... .....
##..) ....#. #... .....
. 8. #... ...... #. ##>
##.## ##### ##รท.# ....
#.### ##..# ##.#


You could see a water moccasin.

Vanquished Creatures
  Robin (D:2)
  2 adders (D:2)
  4 gnolls
  An ooze (D:1)
  A worm (D:2)
  3 dart slugs (D:1)
  5 bats
  4 giant cockroaches
  11 goblins
  7 hobgoblins
  6 jackals
  A ball python (D:1)
  A frilled lizard (D:1)
  7 kobolds
  6 rats
60 creatures vanquished.

Notes
Turn   | Place    | Note
-------+----------+-------------------------------------------
     0 | D:1      | bli the Formicid Hunter began the quest for the Orb.
     0 | D:1      | Reached XP level 1. HP: 16/16 MP: 1/1
    34 | D:1      | Reached XP level 2. HP: 23/23 MP: 2/2
   202 | D:1      | Reached skill level 1 in Short Blades
   280 | D:1      | Reached XP level 3. HP: 29/29 MP: 3/3
   429 | D:1      | Reached skill level 1 in Armour
   429 | D:1      | Reached skill level 1 in Shields
  1213 | D:2      | Reached XP level 4. HP: 35/35 MP: 4/4
  1326 | D:2      | Noticed Robin
  1608 | D:2      | Found a sparkling altar of Nemelex Xobeh.
  1808 | D:2      | Killed Robin
  1886 | D:2      | Reached XP level 5. HP: 41/41 MP: 5/5
  2278 | D:2      | Found a stormy altar of Qazlal.
  2282 | D:2      | Found a white marble altar of Elyvilon.
  2282 | D:2      | Found a radiant altar of Vehumet.
  2360 | D:2      | Found a bloodstained altar of Trog.
  2419 | D:2      | Noticed a water moccasin
  2432 | D:2      | Slain by a water moccasin

Vault maps used:
D:1:      dpeg_arrival_tiny_c
D:2:      zin_treasury, nicolae_overflow_hidden_temple,
          nicolae_ru_the_path_less_chosen, grunt_temple_overflow_open,
          first_ration, uniq_robin

Skill      XL: |  1  2  3  4  5 |
---------------+----------------+-----
Fighting       | 3 |  3.4
Short Blades   | 1 2 |  2.2
Armour         | 1 2 |  2.3
Shields        | 1 2 |  2.0
Dodging        | 2 |  2.0
Throwing       | |  4.0
Stealth        | |  1.3

Action                   |  1- 3 |  4- 6 || total
-------------------------+-------+-------++-------
Melee: Short sword       |    62 |   136 ||   198
Throw: Javelin           |    25 |     7 ||    32
       Throwing net      |       |     7 ||     7
       Stone             |       |    16 ||    16
 Abil: Dig               |     5 |       ||     5
 Stab: Held in net/web   |       |     1 ||     1
  Eat: Chunk             |     1 |     4 ||     5
Armor: Leather armour    |    15 |    19 ||    34
       Animal skin       |       |    10 ||    10
Dodge: Dodged            |    31 |    85 ||   116
Block: Buckler           |     5 |    31 ||    36

Table legend:
 A = Non-vault XP
 B = Vault XP
 C = Vault XP percentage of total XP
 D = Non-vault monster count
 E = Vault monster count
 F = Vault count percentage of total count
                 A         B        C        D         E       F
            +---------+---------+-------+---------+---------+-------
      Total |     173 |      29 |  14.4 |      51 |       9 |  15.0
            +---------+---------+-------+---------+---------+-------
        D:1 |      68 |       3 |   4.2 |      28 |       2 |   6.7
        D:2 |     105 |      26 |  19.8 |      23 |       7 |  23.3
            +---------+---------+-------+---------+---------+-------
